 Dungeon Crawl Stone Soup version 0.17-a0-1197-g2d00c63 (webtiles) character file.

19163 namelastname112 the Thaumaturge (level 12, 0/90 HPs)
             Began as a Purple Draconian Wizard on June 2, 2015.
             Was a High Priest of Vehumet.
             Slain by a porcupine (10 damage)
             ... on level 2 of the Lair of Beasts on June 3, 2015.
             The game lasted 00:48:11 (19154 turns).

namelastname112 the Thaumaturge (DrWz)             Turns: 19154, Time: 00:48:11

Health: 0/90       AC: 15    Str:  9    XL:     12   Next: 34%
Magic:  5/29       EV: 12    Int: 24    God:    Vehumet [*****.]
Gold:   704        SH:  0    Dex: 10    Spells: 7 memorised, 16 levels left

rFire  . . .     SeeInvis .     A - +5 dagger (drain)
rCold  + . .     Clarity  +     (armour unavailable)
rNeg   + . .     SustAt   .     (no shield)
rPois  +         Gourm    .     a - +0 hat
rElec  .         Spirit   .     C - +1 cloak
rCorr  .         Warding  +     K - +0 pair of gloves
rMut   .         Stasis   .     S - +0 pair of boots
MR     +....                    L - amulet of warding
Stlth  ++........               s - +2 ring of protection
                                E - ring of protection from cold

@: somewhat resistant to hostile enchantments, unstealthy
A: breathe power, unfitting armour, hooves 1, horns 1, stinger 1, clarity, frail
1, poison resistance, screaming 1, shaggy fur 1, cold-blooded, subdued magic 2,
AC +8
a: Breathe Dispelling Energy, Renounce Religion


You were on level 2 of the Lair of Beasts.
You worshipped Vehumet.
Vehumet was extremely pleased with you.
You were not hungry.

You visited 3 branches of the dungeon, and saw 14 of its levels.
You also visited: Sewer.

You collected 704 gold pieces.

Inventory:

Hand weapons
 n - a +0 blowgun
 A - a +5 dagger of draining (weapon)
Missiles
 o - 50 poisoned needles
Armour
 a - a +0 hat (worn)
 k - a +1 buckler of resistance
 C - a +1 cloak (worn)
 K - a +0 pair of gloves (worn)
 S - a +0 pair of boots (worn)
Jewellery
 e - an uncursed amulet of rage
 h - a +3 ring of strength
 s - a +2 ring of protection (right hand)
 y - an uncursed ring of ice
 z - an uncursed ring of stealth
 E - a ring of protection from cold (left hand)
 L - an amulet of warding (around neck)
Magical devices
 i - a wand of fire (0)
 u - a wand of enslavement (10)
 D - a wand of flame (10)
 I - a wand of frost (24)
 J - a wand of confusion (21)
 O - a wand of digging (5)
 P - a wand of slowing (35)
Scrolls
 d - a scroll of fear
 f - 5 scrolls of identify
 g - 3 scrolls of remove curse
 r - a scroll of recharging
 t - 3 scrolls of fog
 v - 2 scrolls of amnesia
 H - a scroll of blinking
Potions
 c - 2 potions of berserk rage
 j - a potion of invisibility
 l - a potion of brilliance
 m - 2 potions of haste
 p - 3 potions of curing
 q - 2 potions of might
 w - 3 potions of ambrosia
 F - a potion of cancellation
 G - a potion of degeneration
 N - a potion of agility
 Q - a potion of heal wounds
Books
 b - a book of Minor Magic

   Spells                             Type                      Level
   a - Magic Dart                     Conjuration                  1
   b - Blink                          Translocation                2
   c - Call Imp                       Summoning                    2
   d - Repel Missiles                 Charms/Air                   2
   e - Slow                           Hexes                        2
   f - Conjure Flame                  Conjuration/Fire             3
   g - Mephitic Cloud                 Conjuration/Poison/Air       3
 x - a book of the Warp

   Spells                             Type                      Level
   a - Recall                         Summoning/Translocation      3
   b - Gell's Gravitas                Hexes/Translocation          3
   c - Control Teleport               Charms/Translocation         4
   d - Force Lance                    Conjuration/Translocation    4
   e - Phase Shift                    Translocation                5
   f - Warp Weapon                    Charms/Translocation         5
   g - Summon Forest                  Summoning/Translocation      5
Comestibles
 B - 9 bread rations
 M - 4 fruits


   Skills:
 * Level 7.2 Fighting
 - Level 1.7 Dodging
 - Level 1.7 Stealth
 - Level 13.1 Spellcasting
 - Level 11.8 Conjurations
   Level 1.0 Summonings
 - Level 6.3 Translocations
 * Level 6.3 Fire Magic
 * Level 3.6 Earth Magic


You had 16 spell levels left.
You knew the following spells:

 Your Spells              Type           Power        Failure   Level  Hunger
a - Blink                 Tloc           N/A          0%          2    None
b - Control Teleport      Chrm/Tloc      ###.......   2%          4    None
c - Conjure Flame         Conj/Fire      ####....     0%          3    None
d - Ignite Poison         Fire/Trmt/Pois ##......     1%          3    None
e - Mephitic Cloud        Conj/Pois/Air  ###.....     1%          3    None
f - Lee's Rapid Deconstr  Erth           ###.......   2%          5    ###....
z - Magic Dart            Conj           ####         0%          1    None


Dungeon Overview and Level Annotations

Branches:
Dungeon (11/15)            Temple (1/1) D:6            Lair (2/8) D:11
    Orc: D:9-12

Altars:
Ashenzari
Dithmenos
Elyvilon
Fedhas
Gozag
Kikubaaqudgha
Makhleb
Nemelex Xobeh
Qazlal
Ru
Sif Muna
Vehumet
Xom
Yredelemnul
Zin
The Shining One

Shops:
D:9 =


Innate Abilities, Weirdness & Mutations

You can breathe bolts of dispelling energy.
Your rich purple scales are hard (AC +8).
Your body does not fit into most forms of armour.
You are cold-blooded and may be slowed by cold attacks.
You have large cloven feet.
You have a pair of small horns on your head.
Your tail ends in a poisonous barb.
You possess an exceptional clarity of mind.
You are frail (-10% HP).
Your system is resistant to poisons.
You occasionally shout uncontrollably at your foes.
You are covered in fur (AC +1).
Your spells are easier to cast, but less powerful.


Message History

The blink frog is almost dead.
The blink frog is engulfed in noxious fumes.
The blink frog appears confused.
You kill the blink frog!
Vehumet accepts your kill.
You feel your power returning.
Unknown command.
The river rat bites you.
* * * LOW HITPOINT WARNING * * *
The blink frog hits the plant but does no damage.
You closely miss the river rat. You tail-slap the river rat.
You kill the river rat!
Vehumet accepts your kill.
You feel your power returning.
You hit the blink frog. You drain the blink frog!
The blink frog is severely wounded.
The porcupine bites you.
* * * LOW HITPOINT WARNING * * *
The porcupine bites you!
You die...

##.. .........
.#.##....... ...#......
#.#...... . #.#..##.#
..P #
##....P#†######....
#.##P#.....F†††.........
........r...............
.......@F†..............
........................
...........P.#....#...#.
######......#######.....
#.....#.##### ..#.
#...........# .#
#.....###...# .#
##.....# #P### #...<..#
###


You could see 2 blink frogs and a porcupine.

Vanquished Creatures
  2 hydras
  2 hill giants (D:10)
  A manticore (D:8)
  A cyclops (D:11)
  An ugly thing (D:11)
  A gargoyle (D:11)
  A black mamba (Lair:2)
  2 spiny frogs (Lair:1)
  3 komodo dragons (Lair:1)
  3 trolls
  2 polar bears (D:11)
  A centaur simulacrum (D:11)
  3 blink frogs (Lair:2)
  A spriggan (D:8)
  4 wyverns
  A hippogriff (Lair:2)
  3 hungry ghosts
  27 yaks
  Grum (D:11)
  A porcupine (Lair:1)
  6 wolves
  Purgy (Sewer)
  2 sky beasts
  3 ice beasts
  3 phantoms
  4 orc warriors
  9 ogres
  10 centaurs
  2 crocodiles
  9 giant frogs
  5 scorpions
  10 killer bees
  The ghost of WhatIsLove the Ruffian, a weakling DrTm (D:3)
  An electric eel (Lair:1)
  4 hounds
  A quasit (D:7)
  2 vampire bats (D:5)
  2 crimson imps
  8 orc priests
  A centaur zombie (D:8)
  5 iguanas
  5 jellies
  A centaur skeleton (D:5)
  4 worker ants
  Terence (D:2)
  11 orc wizards
  A hound skeleton (D:9)
  A worker ant zombie (D:7)
  16 adders
  4 gnolls (D:2)
  8 river rats (Lair:2)
  A hound simulacrum (D:11)
  A worker ant simulacrum (D:11)
  5 white imps
  5 oozes
  An adder zombie (D:7)
  6 worms
  An adder skeleton (D:5)
  5 giant geckos
  55 orcs
  6 bat skeletons (D:5)
  10 goblins
  12 hobgoblins
  16 jackals
  17 kobolds
  2 quokkas
  17 bats
  6 giant cockroaches
  A giant gecko zombie (D:7)
  4 giant newts
  A goblin skeleton (D:9)
  2 hobgoblin zombies (D:9)
  A jackal zombie (D:9)
  A kobold skeleton (D:9)
  A kobold zombie (D:9)
  An orc skeleton (D:9)
  An orc zombie (D:9)
  20 rats
401 creatures vanquished.

Vanquished Creatures (others)
  An orc wizard (D:11)
1 creature vanquished.

Grand Total: 402 creatures vanquished

Notes
Turn   | Place    | Note
--------------------------------------------------------------
     0 | D:1      | namelastname112 the Draconian Wizard began the quest for the Orb.
     0 | D:1      | Reached XP level 1. HP: 14/14 MP: 4/4
    65 | D:1      | Reached XP level 2. HP: 11/20 MP: 1/6
   882 | D:1      | HP: 1/20 [rat (1)]
  1215 | D:2      | Reached XP level 3. HP: 26/26 MP: 2/8
  1464 | D:2      | Reached XP level 4. HP: 12/33 MP: 0/9
  2007 | D:2      | Reached skill level 4 in Spellcasting
  3008 | D:2      | Found a stormy altar of Qazlal.
  3041 | D:2      | Reached XP level 5. HP: 27/38 MP: 0/11
  3338 | D:3      | Found a glowing drain.
  3440 | Sewer    | Entered a sewer
  3560 | Sewer    | Noticed Purgy
  3572 | Sewer    | Killed Purgy
  3572 | Sewer    | Reached XP level 6. HP: 30/45 MP: 0/13
  3901 | D:3      | Noticed WhatIsLove's ghost (weakling DrTm)
  4428 | D:3      | Reached skill level 5 in Spellcasting
  4619 | D:3      | Noticed Terence
  4743 | D:2      | Gained mutation: You are covered in fur (AC +1). [potion of mutation]
  4743 | D:2      | Gained mutation: You are frail (-10% HP). [potion of mutation]
  4743 | D:2      | Gained mutation: You possess an exceptional clarity of mind. [potion of mutation]
  4747 | D:2      | Killed Terence
  4826 | D:3      | Killed WhatIsLove's ghost
  5038 | D:4      | Reached skill level 5 in Conjurations
  5553 | D:4      | Gained mutation: Scrolls take you a little longer to read. [potion of mutation]
  5553 | D:4      | Gained mutation: You evolve. [potion of mutation]
  5739 | D:4      | Reached skill level 6 in Spellcasting
  5739 | D:4      | Your scales start taking on a rich purple colour.
  5739 | D:4      | Reached XP level 7. HP: 45/45 MP: 13/16
  5854 | D:5      | Entered Level 5 of the Dungeon
  5876 | D:5      | Reached skill level 7 in Spellcasting
  5886 | D:5      | Found a glowing silver altar of Zin.
  5888 | D:5      | Found an opulent altar of Gozag.
  6322 | D:5      | Reached skill level 8 in Spellcasting
  6322 | D:5      | Reached XP level 8. HP: 41/51 MP: 14/20
  6350 | D:5      | Gained mutation: You have large cloven feet. [evolution]
  6350 | D:5      | Lost mutation: You evolve. [end of evolution]
  6441 | D:5      | Gained mutation: You occasionally shout uncontrollably at your foes. [mutagenic meat]
  6442 | D:5      | Lost mutation: Scrolls take you a little longer to read. [mutagenic meat]
  6443 | D:5      | Gained mutation: You have a pair of small horns on your head. [mutagenic meat]
  6444 | D:5      | Gained mutation: Your tail ends in a poisonous barb. [mutagenic meat]
  6445 | D:5      | Gained mutation: Your system is resistant to poisons. [mutagenic meat]
  6446 | D:5      | Gained mutation: Your spells are a little easier to cast, but a little less powerful. [mutagenic meat]
  6617 | D:5      | Found a sacrificial altar of Ru.
  6724 | D:5      | Found an ancient bone altar of Kikubaaqudgha.
  7216 | D:6      | Found a sparkling altar of Nemelex Xobeh.
  7259 | D:6      | Reached skill level 9 in Spellcasting
  7264 | D:6      | Found a staircase to the Ecumenical Temple.
  7300 | Temple   | Entered the Ecumenical Temple
  7317 | Temple   | Became a worshipper of Vehumet
  8235 | D:6      | Reached XP level 9. HP: 46/55 MP: 15/22
  8335 | D:6      | Reached skill level 10 in Spellcasting
  8818 | D:6      | Learned a level 2 spell: Blink
  8888 | D:7      | Acquired Vehumet's first power
  8888 | D:7      | Offered knowledge of Shock by Vehumet.
  9817 | D:7      | Found a glowing golden altar of the Shining One.
  9977 | D:7      | Offered knowledge of Flame Tongue by Vehumet.
 10100 | D:7      | Learned a level 4 spell: Control Teleport
 10542 | D:8      | Found a white marble altar of Elyvilon.
 10575 | D:8      | Reached skill level 11 in Spellcasting
 11023 | D:8      | Reached skill level 10 in Conjurations
 11023 | D:8      | Reached XP level 10. HP: 23/62 MP: 25/25
 11308 | D:8      | Found an ancient bone altar of Kikubaaqudgha.
 11746 | D:8      | Noticed a manticore
 11780 | D:8      | Killed a manticore
 12849 | D:9      | Found a glowing golden altar of the Shining One.
 13039 | D:9      | Offered knowledge of Inner Flame by Vehumet.
 13106 | D:9      | Reached skill level 12 in Spellcasting
 13114 | D:9      | Reached skill level 5 in Translocations
 13400 | D:8      | Learned a level 3 spell: Conjure Flame
 13501 | D:9      | Acquired Vehumet's second power
 13778 | D:9      | Found Boegug's Jewellery Shoppe.
 14252 | D:9      | Offered knowledge of Ignite Poison by Vehumet.
 14252 | D:9      | Reached XP level 11. HP: 41/66 MP: 7/27
 14257 | D:9      | Learned a level 3 spell: Ignite Poison
 14261 | D:9      | Learned a level 3 spell: Mephitic Cloud
 14837 | D:10     | Entered Level 10 of the Dungeon
 15085 | D:10     | Reached skill level 1 in Fighting
 15085 | D:10     | Reached skill level 1 in Fire Magic
 15146 | D:10     | Noticed a hill giant
 15159 | D:10     | Killed a hill giant
 15373 | D:10     | Noticed a hill giant
 15385 | D:10     | Killed a hill giant
 15575 | D:10     | Acquired Vehumet's third power
 16049 | D:11     | Offered knowledge of Static Discharge by Vehumet.
 16275 | D:11     | Noticed Grum
 16284 | D:11     | Killed Grum
 16340 | D:11     | Reached skill level 13 in Spellcasting
 16355 | D:11     | HP: 2/76 [gargoyle/stone arrow (26)]
 16368 | D:9      | Identified a scroll of acquirement
 16962 | D:11     | Found a staircase to the Lair.
 16971 | D:11     | Noticed a four-headed hydra
 16984 | D:11     | Reached skill level 5 in Fighting
 16987 | D:11     | Killed a four-headed hydra
 17005 | D:11     | Reached skill level 5 in Fire Magic
 17008 | D:11     | Offered knowledge of Lee's Rapid Deconstruction by Vehumet.
 17136 | D:11     | Learned a level 5 spell: Lee's Rapid Deconstruction
 17414 | Lair:1   | Entered Level 1 of the Lair of Beasts
 17479 | Lair:1   | Reached XP level 12. HP: 85/85 MP: 12/29
 17482 | Lair:1   | Reached skill level 1 in Earth Magic
 18042 | Lair:1   | Gained mutation: Your spells are easier to cast, but less powerful. [potion of mutation]
 18425 | Lair:1   | Noticed an eight-headed hydra
 18439 | Lair:1   | HP: 2/87 [eight-headed hydra (13)]
 18440 | Lair:1   | Killed an eight-headed hydra
 19154 | Lair:2   | Slain by a porcupine

Vault maps used:
D:1:      roderic_octagonal_star, kennysheep_crisscross
D:2:      nicolae_qazlal_eye_of_the_storm, serial_park_tiny_1
D:3:      gup_sewer_entry_glass, first_bread, columned_hall_lemuel, uniq_terence
D:5:      nicolae_overflow_hidden_temple, kennysheep_vampire_church
D:6:      overflow_temple_1_default, minmay_temple_entry_mist,
          corexii_hall_statues_s
D:7:      lemuel_round_altar
D:8:      old_standard_altar, roderic_malta_cross, minmay_misc_feat_square,
          the_bakery, lemuel_centaur_altar
D:9:      serial_shops, shop, nicolae_tso_besieged_by_evil
D:11:     lair_0_dummy, serial_ice, serial_ice_g, serial_ice_e, serial_ice_h,
          serial_ice_b, serial_ice_c, serial_ice_o, uniq_grum
Temple:   triangle_lava_temple_11
Lair:1:   minivault_23, beast_lair_carwin_3, serial_bayou_shore_b,
          infiniplex_staircase_pool_2
Lair:2:   portal_ice_cave_entry_ice_beasts, zaba_antful_of_joy, uniq_sonja
Sewer:    sewer_the_crocodile

Action                   |  1- 3 |  4- 6 |  7- 9 | 10-12 || total
-------------------------+-------+-------+-------+-------++-------
Melee: Unarmed           |    24 |       |       |       ||    24
       Dagger            |    16 |    75 |    76 |   283 ||   450
       Mace              |       |    42 |    16 |       ||    58
 Fire: Blowgun           |       |       |     8 |       ||     8
 Cast: Magic Dart        |    74 |   269 |   447 |   392 ||  1182
       Conjure Flame     |       |       |       |    13 ||    13
       Blink             |       |       |       |     6 ||     6
       Mephitic Cloud    |       |       |       |    64 ||    64
       Ignite Poison     |       |       |       |    43 ||    43
 Abil: Breathe Dispellin |       |       |     4 |     7 ||    11
Evoke: Wand              |       |       |       |     7 ||     7
  Use: Potion            |       |     6 |     2 |     6 ||    14
       Scroll            |       |       |    14 |     9 ||    23
 Stab: Sleeping          |     1 |       |       |       ||     1
       Confused          |       |       |       |     2 ||     2
  Eat: Chunk             |     1 |     5 |    15 |     9 ||    30
       Bread ration      |       |     2 |       |       ||     2
       Meat ration       |       |       |     1 |     3 ||     4
       Beef jerky        |       |       |     1 |     2 ||     3
       Royal jelly       |       |       |     1 |       ||     1
       Fruit             |       |       |       |     1 ||     1
